 Dungeon Crawl Stone Soup version 0.28.0 (webtiles) character file.

Game seed: 6665914624439609455

951 cayde69 the Chopper (level 7, -2/66 HPs)
             Began as a Deep Dwarf Berserker on Feb 7, 2022.
             Was a Follower of Trog.
             Slain by a killer bee (5 damage)
             ... on level 5 of the Dungeon.
             The game lasted 00:07:29 (4190 turns).

cayde69 the Chopper (Deep Dwarf Berserker)          Turns: 4190, Time: 00:07:29

Health: -2/66      AC:  7    Str: 22    XL:     7   Next: 90%
Magic:  6/6        EV: 11    Int:  8    God:    Trog [*.....]
Gold:   127        SH:  0    Dex: 12    Spells: 6/6 levels left

rFire   . . .      SeeInvis .   t - +0 great sword
rCold   . . .      Faith    .   (shield currently unavailable)
rNeg    . . .      Spirit   .   n - +0 scale mail {rPois}
rPois   +          Reflect  .   (no helmet)
rElec   .          Harm     .   (no cloak)
rCorr   +          Rampage  .   (no gloves)
Will    +....                   (no boots)
Stlth   ..........              (no amulet)
HPRegen 0.00/turn               e - ring of resist corrosion
MPRegen 0.10/turn               (no ring)

@: on berserk cooldown, slowed, very slow
A: damage resistance, heal wounds, sense surroundings 1, no regeneration
a: Heal Wounds, Renounce Religion, Berserk


You were on level 5 of the Dungeon.
You worshipped Trog.
Trog was aware of your devotion.
You visited 1 branch of the dungeon, and saw 5 of its levels.

You collected 127 gold pieces.

Inventory:

Hand Weapons
 a - a +0 hand axe
 s - the +10 hunting sling of Integrity {flame, rF+}
   (You found it on level 4 of the Dungeon)

   Any ammunition fired from it burns those it strikes, dealing additional fire
   damage.
   rF:        It protects you from fire.
 t - a +0 great sword (weapon)
Missiles
 v - 30 stones
Armour
 b - a +0 animal skin
 f - a +0 ring mail
 g - a +0 scale mail
 n - a +0 scale mail of poison resistance (worn)
 r - a +0 buckler
Jewellery
 e - a ring of resist corrosion (left hand)
 i - a +6 ring of intelligence
 x - a ring of ice
Scrolls
 c - a scroll of noise {unknown}
 h - 2 scrolls of fear {unknown}
 l - 3 scrolls of identify {unknown}
 p - a scroll of magic mapping {unknown}
 q - a scroll of enchant armour {unknown}
Potions
 d - a potion of attraction {unknown}
 j - 3 potions of mutation {unknown}
 k - 2 potions of heal wounds {unknown}
 m - 3 potions of curing {unknown}
 o - 2 potions of brilliance {unknown}
 u - a potion of haste {unknown}
 w - a potion of cancellation {unknown}
 z - a potion of flight {unknown}


   Skills:
 + Level 4.5 Fighting
 + Level 4.1 Long Blades
 + Level 5.7 Axes
 + Level 5.3 Armour
 + Level 3.6 Dodging
 + Level 0.8 Stealth


You had 6 spell levels left.
You didn't know any spells.
Your spell library was empty.

Dungeon Overview and Level Annotations

Branches:
Dungeon (5/15)
 Temple: D:4-7

Altars:

Shops:
D:5 :


Innate Abilities, Weirdness & Mutations

You are resistant to damage.
You can heal yourself by infusing magical energy.
You passively map a small area around you.
You do not regenerate.


Message History

The killer bee stings you but does no damage.
The killer bee stings you.
* * * LOW HITPOINT WARNING * * *
You are more poisoned.
The killer bee poisons you! The killer bee barely misses you.
The killer bee stings you.
* * * LOW HITPOINT WARNING * * *
You barely miss the killer bee.
The killer bee is moderately wounded.
The killer bee stings you. The killer bee closely misses you.
The killer bee barely misses you.
The killer bee stings you but does no damage.
You slice the killer bee!!
You kill the killer bee!
Trog accepts your kill. The killer bee closely misses you.
The killer bee misses you.
Your Long Blades skill increases to level 4!
The killer bee stings you.
* * * LOW HITPOINT WARNING * * *
You see here a killer bee corpse.
You closely miss the killer bee. The killer bee closely misses you. x2
You closely miss the killer bee. The killer bee stings you!
* * * LOW HITPOINT WARNING * * *
The killer bee stings you.
* * * LOW HITPOINT WARNING * * *
You closely miss the killer bee.
You are no longer berserk.
You are exhausted.
You feel yourself slow down. The killer bee stings you!
* * * LOW HITPOINT WARNING * * *
The killer bee barely misses you. The killer bee stings you.
* * * LOW HITPOINT WARNING * * *
You hit the killer bee but do no damage.
You are no longer poisoned.
The killer bee stings you. The killer bee barely misses you.
The killer bee stings you. The killer bee barely misses you.
You barely miss the killer bee. The killer bee misses you.
The killer bee closely misses you. The killer bee misses you.
The killer bee stings you. x2
You die...

#.#######....................
* ##.....(>......####[...
####.........####.# #...# ,
#............# #.# #...#
*#)##..........# #.# #...#
#.##.###...#.#.#.###.# #..(.
#.........##...#[..#.# #....
####.##......#####...# #....
#.##.####@..#...### #..##
#.##.# #y#.#.########..#*
,..##.# #l#.............. *,
####.# #.############..# #.#
#.# #..# #.# #.# ** ** #.#
#.# , #.# #.# , , * ,* #.# *


You could see an iguana and a killer bee.

Vanquished Creatures
  Sigmund (D:3)
  An ogre (D:5)
  A scorpion (D:5)
  A water moccasin zombie (D:5)
  A water moccasin skeleton (D:5)
  3 killer bees (D:5)
  A bullfrog skeleton (D:4)
  An orc priest (D:5)
  2 iguanas
  Terence (D:3)
  6 gnolls
  7 adders
  3 river rats (D:4)
  2 white imps
  An adder skeleton (D:4)
  6 worms
  4 dart slugs
  5 orcs
  6 ball pythons
  A bat (D:2)
  4 endoplasms
  5 giant cockroaches
  7 goblins
  8 hobgoblins
  A jackal (D:4)
  6 kobolds
  A quokka (D:4)
  2 frilled lizards
  7 rats
95 creatures vanquished.

Notes
Turn   | Place    | Note
-------+----------+-------------------------------------------
     0 | D:1      | cayde69 the Deep Dwarf Berserker began the quest for the
                  | Orb.
     0 | D:1      | Reached XP level 1. HP: 20/20 MP: 1/1
   119 | D:1      | Reached XP level 2. HP: 18/27 MP: 2/2
  1508 | D:2      | Reached XP level 3. HP: 33/34 MP: 3/3
  1861 | D:2      | Reached XP level 4. HP: 33/42 MP: 4/4
  1861 | D:2      | Reached ** piety under Trog
  2381 | D:3      | Noticed Terence
  2391 | D:3      | Killed Terence
  2609 | D:3      | Noticed Sigmund
  2627 | D:3      | Killed Sigmund
  2628 | D:3      | Reached skill level 5 in Axes
  2628 | D:3      | Reached XP level 5. HP: 41/50 MP: 5/5
  2628 | D:3      | Reached XP level 6. HP: 46/57 MP: 6/6
  3092 | D:4      | Identified the +10 hunting sling of Integrity {flame, rF+}
  3462 | D:4      | Reached skill level 1 in Long Blades
  3767 | D:4      | Reached XP level 7. HP: 24/64 MP: 6/6
  3905 | D:5      | Entered Level 5 of the Dungeon
  3910 | D:5      | Found Hyifudwi's Self-Improvement Boutique.
  3958 | D:5      | Reached skill level 5 in Armour
  4188 | D:5      | HP: 3/66 [killer bee (2)]
  4190 | D:5      | Slain by a killer bee

Illustrated notes

Levels and vault maps discovered:
D:1:      dpeg_arrival_morbid_curiosity, layout_basic
D:2:      layout_rooms
D:3:      layout_rooms, minivault_5, serial_park_tiny_1, uniq_terence,
          uniq_sigmund
D:4:      layout_rooms, lightli_sewer_entry_pipes, amethyst_killhole,
          minmay_mini_jars
D:5:      layout_loops_ring, mainiacjoe_overflow_catwalk, temple_fountains,
          nicolae_shop_self_help

Skill      XL: |  1  2  3  4  5  6  7 |
---------------+----------------------+-----
Fighting       | 3 4 |  4.5
Axes           | 4 5 |  5.7
Armour         | 4 5 |  5.3
Dodging        | 3 |  3.6
Long Blades    | 1 4 |  4.1
Stealth        | |  0.8

Action                   |  1- 3 |  4- 6 |  7- 9 || total
-------------------------+-------+-------+-------++-------
Melee: Hand axe          |   102 |   113 |       ||   215
       Punch             |     1 |     3 |       ||     4
       Great sword       |       |    91 |    59 ||   150
Invok: Berserk           |     1 |     4 |     3 ||     8
       Trog's Hand       |       |     4 |     3 ||     7
 Abil: Heal Wounds       |     2 |     5 |     1 ||     8
Armor: Animal skin       |    10 |       |       ||    10
       Ring mail         |    11 |       |       ||    11
       Scale mail        |    13 |    94 |    33 ||   140
Dodge: Dodged            |    56 |   149 |    66 ||   271
Block: Buckler           |       |     3 |       ||     3
